[Event "*** SCC Grand Prix: Titled Tuesday Blitz"]
[Site "Chess.com"]
[Date "2020.10.13"]
[Round "7"]
[White "LedakovAlexandr"]
[Black "Misticpikachu"]
[Result "1-0"]
[WhiteElo "2467"]
[BlackElo "2298"]
[TimeControl "180+1"]
[EndTime "11:14:41 PDT"]
[Termination "LedakovAlexandr won by resignation"]

1. d4 e6 2. Nf3 Nf6 3. Bg5 d5 4. Nbd2 h6 5. Bh4 Be7 6. e3 O-O 7. Bd3 b6 8. Ne5 Bb7 9. Bxf6 Bxf6 10. f4 c5 11. c3 Nc6 12. O-O Bxe5 13. fxe5 f5 14.
exf6 Rxf6 15. Qh5 Rxf1+ 16. Rxf1 Qe8 17. Bg6 Qd7 18. Rf7 Ne7 19. Qg4 Rf8 20. Rxg7+ Kxg7 21. Be8+ Kf6 22. Bxd7 Nf5 23. Nf3 Ke7 24. Ne5 h5 25.
Qg6 Rf6 26. Qe8+ Kd6 27. Bxe6 Bc6 28. Qxc6+ 1-0

[Event "*** SCC Grand Prix: Titled Tuesday Blitz"]
[Site "Chess.com"]
[Date "2020.10.13"]
[Round "7"]
[White "JosefineHeinemann"]
[Black "ehrenfeld"]
[Result "1-0"]
[WhiteElo "2625"]
[BlackElo "2481"]
[TimeControl "180+1"]
[EndTime "11:14:43 PDT"]
[Termination "JosefineHeinemann won by resignation"]

1. e4 d6 2. d4 g6 3. Nc3 Bg7 4. Nf3 Nf6 5. Be2 O-O 6. O-O a6 7. a4 b6 8. e5 dxe5 9. dxe5 Qxd1 10. Rxd1 Ng4 11. Nd5 Nc6 12. Nxc7 Ra7 13. Nd5 Ngxe5 14. Nxe5 Nxe5 15. Be3 Bf5 16. c3 Bc2 17. Rd2 Bb3 18. Nxb6 a5 19. f4 Nc6 20. Nd7 1-0

[Event "*** SCC Grand Prix: Titled Tuesday Blitz"]
[Site "Chess.com"]
[Date "2020.10.13"]
[Round "7"]
[White "dretch"]
[Black "thedjoker98"]
[Result "1-0"]
[WhiteElo "2831"]
[BlackElo "2597"]
[TimeControl "180+1"]
[EndTime "11:14:44 PDT"]
[Termination "dretch won by resignation"]

1. d4 d5 2. c4 c6 3. Nc3 dxc4 4. Nf3 b5 5. a4 b4 6. Ne4 Qd5 7. Qc2 Bf5 8. Nfd2 c3 9. bxc3 bxc3 10. Qxc3 Bxe4 11. f3 Bg6 12. e4 Qd8 13. Rb1 e6 14. Nc4 a5 15. Ba3 Bxa3 16. Qxa3 Ne7 17. Nd6+ Kf8 18. Bc4 Na6 19. Bxa6 Rxa6 20. Rb7 Rb6 21.
Ke2 Rxb7 22. Nxb7 Qb6 23. Nc5 Qb4 24. Qa1 Qxd4 25. Qxd4 1-0

[Event "*** SCC Grand Prix: Titled Tuesday Blitz"]
[Site "Chess.com"]
[Date "2020.10.13"]
[Round "7"]
[White "cassoulet"]
[Black "Korchmar_Vasiliy"]
[Result "0-1"]
[WhiteElo "2706"]
[BlackElo "2589"]
[TimeControl "180+1"]
[EndTime "11:14:47 PDT"]
[Termination "Korchmar_Vasiliy won by checkmate"]

1. d4 Nf6 2. c4 g6 3. f3 Nc6 4. d5 Ne5 5. e4 d6 6. Nc3 Bg7 7. f4 Ned7 8. Nh3 O-O 9. Nf2 e6 10. Be2 exd5 11. cxd5 Nc5 12. O-O Re8 13. Bf3 h5 14. h3 b5 15. b4 Ncxe4 16. Nxb5 Ba6 17. a4 Nxf2 18. Rxf2 Bxb5 19. axb5 Ne4 20. Rb2 Qh4 21. Raa2 Nc3 22. Qc2 Qg3 23. Bd2 Bd4+ 24. Kh1 Re1+ 25. Bxe1 Qxe1+ 26. Kh2 Bg1+ 27. Kh1 Bf2+ 28. Kh2 Qg1# 0-1

[Event "*** SCC Grand Prix: Titled Tuesday Blitz"]
[Site "Chess.com"]
[Date "2020.10.13"]
[Round "7"]
[White "Triumphmate"]
[Black "BJthechessgod"]
[Result "1-0"]
[WhiteElo "2438"]
[BlackElo "2249"]
[TimeControl "180+1"]
[EndTime "11:14:47 PDT"]
[Termination "Triumphmate won by checkmate"]

1. e4 c5 2. Nf3 Nc6 3. d4 cxd4 4.
Nxd4 g6 5. f4 Bg7 6. Nf3 d6 7.
Nc3 Nf6 8. Bd3 O-O 9. O-O Bg4 10. Qe1 Nd7 11. Kh1 Bxf3 12. Rxf3 Nd4 13. Rh3 Nc5 14. Bd2 Nxd3 15. cxd3 Nc2 16. Qh4 h5 17. Rc1 Bf6 18. Qg3 Nb4 19. Rxh5 Nxd3 20. Rf1 Nc5 21. f5 Qe8 22.
Rh3 Bg7 23. Qh4 f6 24. Qh7+ Kf7 25. Qxg6+ Kg8 26. Qh7+ Kf7 27. Rg3 Rg8 28. Bh6 Qc6 29.
Qg6+ Kf8 30. Bxg7+ Rxg7 31. Qxg7+ Ke8 32. Qg8+ Kd7 33.
Qxa8 Nxe4 34. Nxe4 Qxe4 35. Qg8 Qe2 36. Qe6+ Qxe6 37.
fxe6+ Kxe6 38. h4 d5 39. h5 d4 40. h6 d3 41. h7 d2 42. h8=Q d1=Q 43. Rxd1 Kf7 44.
Qg8# 1-0

[Event "*** SCC Grand Prix: Titled Tuesday Blitz"]
[Site "Chess.com"]
[Date "2020.10.13"]
[Round "7"]
[White "Parhamov"]
[Black "Sanan_Sjugirov"]
[Result "1-0"]
[WhiteElo "2971"]
[BlackElo "2894"]
[TimeControl "180+1"]
[EndTime "11:14:49 PDT"]
[Termination "Parhamov won on time"]

1. e4 c5 2. Nc3 Nc6 3. Bb5 Nd4 4. Nf3 a6 5. Bd3 g6 6. Nxd4 cxd4 7. Ne2 d5 8. e5 Bg7 9. f4 f6 10. exf6 Nxf6 11.
b3 O-O 12. O-O Ne4 13. Ng3 Nc5 14. Ba3 Nxd3 15. cxd3 Rf7 16. Qe2 a5 17. Rae1 e6 18.
Nh1 a4 19. b4 Qd6 20. g3 Bd7 21. Nf2 h5 22. Nh3 Re8 23. Ng5 Rf5 24. Nf3 Bb5 25. Nh4 Rf6 26. Rc1 Qa6 27. Rf3 Qd6 28. Rc5 Qd7 29. Qe5 Kh7 30. Rc7 1-0

[Event "*** SCC Grand Prix: Titled Tuesday Blitz"]
[Site "Chess.com"]
[Date "2020.10.13"]
[Round "7"]
[White "wanyaland"]
[Black "zurzan"]
[Result "1-0"]
[WhiteElo "2299"]
[BlackElo "1991"]
[TimeControl "180+1"]
[EndTime "11:14:51 PDT"]
[Termination "wanyaland won by resignation"]

1. d4 f5 2. c4 Nf6 3. g3 g6 4. Bg2 Bg7 5. Nh3 O-O 6. Nc3 d6 7. Nf4 c6 8. d5 Re8 9. O-O e5 10. dxe6 Bxe6 11. Nxe6 Rxe6 12. b3 Qe7 13. Ba3 Ne4 14. Nxe4 fxe4 15. Rc1 c5 16. e3 Nc6 17.
Qd5 Kh8 18. Rcd1 Re8 19. Rd2 Bc3 20. Rfd1 Bxd2 21. Rxd2 h6 22. h4 Kh7 23. h5 Qg5 24. Bxe4 Rxe4 25. Qf7+ Kh8 26. Bb2+ R4e5 27. Qxe8+ Kg7 28.
Rxd6 Ne7 29. Rd7 Qxh5 30. Bxe5+ Qxe5 31. Rxe7+ 1-0

[Event "*** SCC Grand Prix: Titled Tuesday Blitz"]
[Site "Chess.com"]
[Date "2020.10.13"]
[Round "7"]
[White "bakki78"]
[Black "vladislavkovalev"]
[Result "1/2-1/2"]
[WhiteElo "2753"]
[BlackElo "2854"]
[TimeControl "180+1"]
[EndTime "11:14:52 PDT"]
[Termination "Game drawn by agreement"]

1. e4 e5 2. Nf3 Nc6 3. Bb5 a6 4. Ba4 d6 5. c4 Bd7 6. O-O g6 7. Bxc6 bxc6 8. d4 exd4 9. Qxd4 f6 10. Nc3 c5 11. Qd3 Bg7 12. b3 Ne7 13. Bb2 O-O 14. Nd5 Nxd5 15. exd5 Qe7 16. Rfe1 Qf7 17. Re2 Rfe8 18. Rae1 Rxe2 19. Rxe2 Re8 20. h3 g5 21. Nd2 Qg6 22. Qxg6 hxg6 23. Rxe8+ Bxe8 24. Ne4 Kf7 25.
g4 Bd7 26. f3 Ke7 27. Kf2 c6 28. dxc6 Bxc6 29. Nxg5 d5 30. cxd5 Bxd5 31. Ne4 c4 32.
g5 f5 33. Bxg7 fxe4 34. fxe4 Bxe4 35. bxc4 Bf5 36. h4 Be6 37. a3 Bxc4 38. Ke3 Kf7 39. Bf6 Bf1 40. Kd4 Kg8 41. Kc5 1/2-1/2

[Event "*** SCC Grand Prix: Titled Tuesday Blitz"]
[Site "Chess.com"]
[Date "2020.10.13"]
[Round "7"]
[White "Zq1"]
[Black "IwkooO"]
[Result "1-0"]
[WhiteElo "2523"]
[BlackElo "2637"]
[TimeControl "180+1"]
[EndTime "11:14:53 PDT"]
[Termination "Zq1 won by resignation"]

1. d4 Nf6 2. c4 g6 3. Nc3 Bg7 4.
e4 d6 5. Nf3 O-O 6. Be2 Na6 7.
O-O e5 8. Re1 Qe7 9. dxe5 dxe5 10. Be3 c6 11. a3 Nh5 12. b4 Nf4 13. Bf1 g5 14. c5 Nc7 15. Qd6 Qxd6 16. cxd6 Nce6 17.
Rad1 Bd7 18. g3 g4 19. Nh4 Ng6 20. Nf5 h5 21. h3 Bf6 22. hxg4 hxg4 23. Nh6+ Kg7 24.
Nxg4 Bg5 25. Bg2 Bxe3 26. Nxe3 Nd4 27. Ne2 Nxe2+ 28. Rxe2 Rad8 29. Red2 Be6 30. a4 Rd7 31. b5 cxb5 32. axb5 Rfd8 33. Nf5+ Bxf5 34. exf5 Nh8 35.
Bc6 bxc6 36. bxc6 1-0

[Event "*** SCC Grand Prix: Titled Tuesday Blitz"]
[Site "Chess.com"]
[Date "2020.10.13"]
[Round "7"]
[White "TokChess"]
[Black "CheckThis4"]
[Result "1-0"]
[WhiteElo "2414"]
[BlackElo "2587"]
[TimeControl "180+1"]
[EndTime "11:14:53 PDT"]
[Termination "TokChess won by resignation"]

1. Nf3 d5 2. g3 Nc6 3. Bg2 e5 4. O-O e4 5. Ne1 h5 6. d3 exd3 7. cxd3 h4 8. Nc3 Nf6 9. Bg5 hxg3 10. hxg3 Be7 11. Bxf6 Bxf6 12. Nxd5 Bh3 13. e4 Bd4 14. Bxh3 Rxh3 15. Qg4 Rh7 16. Nf3 Qd6 17. Kg2 Ne5 18. Nxe5 Qxe5 19. Rh1 Rxh1 20. Rxh1 g6 21.
Rh7 c6 22. Qf3 O-O-O 23. Qxf7 Rxd5 24. Qxb7+ Kd8 25. Qa8+ 1-0

[Event "*** SCC Grand Prix: Titled Tuesday Blitz"]
[Site "Chess.com"]
[Date "2020.10.13"]
[Round "7"]
[White "juancruzarias"]
[Black "vanea_03"]
[Result "0-1"]
[WhiteElo "2527"]
[BlackElo "2697"]
[TimeControl "180+1"]
[EndTime "11:14:54 PDT"]
[Termination "vanea_03 won by resignation"]

1. d4 f5 2. Nf3 Nf6 3. Nc3 e6 4.
Bf4 Bd6 5. e3 O-O 6. Bd3 b6 7.
h3 Bb7 8. Qe2 Bxf4 9. exf4 Nc6 10. O-O-O Nb4 11. g4 Nxd3+ 12. cxd3 Nd5 13. Nxd5 Bxd5 14.
g5 d6 15. Kb1 Qd7 16. h4 Qa4 17. b3 Qb4 18. Rhg1 a5 19. g6 h6 20. Nd2 a4 21.
Nc4 axb3 22. axb3 b5 23. Ne3 Bxb3 24. Qb2 Ra2 25. Rd2 Rxb2+ 26. Rxb2 Ra8 27. Rc1 Qa3 0-1

[Event "*** SCC Grand Prix: Titled Tuesday Blitz"]
[Site "Chess.com"]
[Date "2020.10.13"]
[Round "7"]
[White "AndreyNeves"]
[Black "Gerodot71"]
[Result "0-1"]
[WhiteElo "2278"]
[BlackElo "2461"]
[TimeControl "180+1"]
[EndTime "11:14:54 PDT"]
[Termination "Gerodot71 won by resignation"]

1. d4 Nf6 2. c4 e6 3. g3 d5 4. Nf3 Be7 5. Bg2 O-O 6. O-O dxc4 7. Qc2 a6 8. a4 Nc6 9. Qxc4 Qd5 10. Nbd2 Rd8 11. e3 Qh5 12. h3 e5 13. g4 Qg6 14. Nxe5 Nxe5 15. dxe5 Be6 16. Qxc7 Rd7 17.
Qa5 Nd5 18. Bxd5 Rxd5 19. Qc3 Rc8 20. Nc4 Rd3 21. Qe1 Bxc4 22. f4 Qe4 23. Bd2 Bd5 24. Qe2 Rc2 25. Rad1 Bb4 0-1

[Event "*** SCC Grand Prix: Titled Tuesday Blitz"]
[Site "Chess.com"]
[Date "2020.10.13"]
[Round "7"]
[White "Das_Virus_2020"]
[Black "olksuna"]
[Result "0-1"]
[WhiteElo "2398"]
[BlackElo "2608"]
[TimeControl "180+1"]
[EndTime "11:14:58 PDT"]
[Termination "olksuna won by resignation"]

1. e4 Nf6 2. Nc3 d5 3. exd5 Nxd5 4. Bc4 Nxc3 5. Qf3 e6 6. dxc3 Bd6 7. Ne2 O-O 8. h4 Nc6 9. Bb3 Ne5 10. Qh3 a5 11. a4 b6 12. Bg5 Qe8 13. f4 Nd7 14. h5 h6 15. Bh4 Nc5 16. O-O-O b5 17. axb5 Nxb3+ 18. cxb3 Qxb5 19. Qg3 Qxe2 20. Bf6 Bxf4+ 21. Qxf4 gxf6 22. Rh3 Qe5 23. Rg3+ Kh7 24. Qf3 Bb7 0-1

[Event "*** SCC Grand Prix: Titled Tuesday Blitz"]
[Site "Chess.com"]
[Date "2020.10.13"]
[Round "7"]
[White "m_ezat"]
[Black "OlympusMons95"]
[Result "0-1"]
[WhiteElo "2527"]
[BlackElo "2702"]
[TimeControl "180+1"]
[EndTime "11:14:59 PDT"]
[Termination "OlympusMons95 won by resignation"]

1. d4 Nf6 2. c4 b6 3. Nc3 Bb7 4. d5 e6 5. e4 Bb4 6. Bd3 O-O 7. Nf3 exd5 8. exd5 Re8+ 9. Be3 Bc5 10. O-O Bxe3 11.
fxe3 d6 12. Ng5 Nbd7 13. Nxh7 Rxe3 14. Nxf6+ Nxf6 15. Qd2 Qe7 16. Nb5 Qe5 17. Rae1 Ng4 18. g3 Re8 19. Rxe3 Qxe3+ 20. Qxe3 Rxe3 21. Rd1 Ne5 22. Bf1 Ba6 23. Nxc7 Bxc4 24. Bxc4 Nxc4 25. b3 Ne5 26. Kf2 Ng4+ 27. Kg2 Rc3 28. Nb5 Ne3+ 29. Kh3 Nxd1 30. Nxc3 Nxc3 0-1

[Event "*** SCC Grand Prix: Titled Tuesday Blitz"]
[Site "Chess.com"]
[Date "2020.10.13"]
[Round "7"]
[White "MPGM"]
[Black "Jabberwockiez"]
[Result "1-0"]
[WhiteElo "2440"]
[BlackElo "2242"]
[TimeControl "180+1"]
[EndTime "11:15:03 PDT"]
[Termination "MPGM won by resignation"]

1. c4 c5 2. Nf3 Nc6 3. e3 g6 4. d4 cxd4 5. exd4 d5 6. Nc3 e6 7. cxd5 exd5 8. Bb5 Bg7 9. O-O Ne7 10. Bg5 O-O 11. Re1 f6 12. Bf4 Bg4 13. Be2 Nf5 14.
h3 Bxf3 15. Bxf3 Ncxd4 16. Bxd5+ Kh8 17. g4 Nh4 18. Bg3 f5 19. Re5 f4 20. Bxh4 Qxh4 21.
Re4 Nc6 22. Bxc6 bxc6 23. Qf3 g5 24. Rd1 Rab8 25. Rd7 Rxb2 26. Ree7 Rg8 27. Ne4 Rb1+ 28. Kg2 Qh6 29. Nd6 Rf8 30. Nf7+ Rxf7 31. Rxf7 Rb8 32. Rxg7 Qxg7 33. Rxg7 1-0

[Event "*** SCC Grand Prix: Titled Tuesday Blitz"]
[Site "Chess.com"]
[Date "2020.10.13"]
[Round "7"]
[White "mirceaparligras"]
[Black "kintoho"]
[Result "1-0"]
[WhiteElo "2637"]
[BlackElo "2500"]
[TimeControl "180+1"]
[EndTime "11:15:04 PDT"]
[Termination "mirceaparligras won by resignation"]

1. d4 d6 2. e4 Nf6 3. Bd3 g6 4. Nf3 Bg7 5. O-O O-O 6. Re1 Nbd7 7. c3 c5 8. h3 cxd4 9. cxd4 e5 10. d5 Nc5 11. Nc3 Nxd3 12. Qxd3 a6 13. a4 a5 14. Be3 Bd7 15. Nd2 Ne8 16. Nc4 Ra6 17.
Nb5 f5 18. f3 Qh4 19. Nb6 Rf7 20. Nxd7 Rxd7 21. exf5 Qh5 22. fxg6 hxg6 23. Rac1 Kh7 24. Rc8 Nf6 25. Rec1 Qh4 26. Nc7 e4 27. fxe4 Nxe4 28. Nxa6 bxa6 29. Rf1 Be5 30. Bd4 Nc5 31. Bxe5 1-0

[Event "*** SCC Grand Prix: Titled Tuesday Blitz"]
[Site "Chess.com"]
[Date "2020.10.13"]
[Round "7"]
[White "Unknown_IM"]
[Black "Gusarov91"]
[Result "1-0"]
[WhiteElo "2388"]
[BlackElo "2567"]
[TimeControl "180+1"]
[EndTime "11:15:10 PDT"]
[Termination "Unknown_IM won by checkmate"]

1. e4 c5 2. Nf3 d6 3. c3 Nf6 4. Be2 g6 5. O-O Bg7 6. Bb5+ Bd7 7. Bxd7+ Qxd7 8. Re1 O-O 9. d4 cxd4 10. cxd4 d5 11. e5 Ne4 12. Nc3 Nxc3 13. bxc3 Nc6 14. Ng5 e6 15. h4 Rfc8 16. h5 Ne7 17. Bd2 b5 18. Qf3 Nc6 19. hxg6 hxg6 20. Qh3 b4 21. Qh7+ Kf8 22. Re3 Ne7 23. g4 bxc3 24. Bxc3 Rxc3 25.
Rxc3 Ng8 26. Rf3 Nh6 27. Qxg6 Kg8 28. Qh7+ Kf8 29. Kg2 Qe7 30. Rf6 Bxf6 31. Qxh6+ Bg7 32. Nh7+ Kg8 33. Nf6+ Kf8 34. Qg5 Re8 35. Rh1 Qd8 36.
Rh8+ Bxh8 37. Nh7# 1-0

[Event "*** SCC Grand Prix: Titled Tuesday Blitz"]
[Site "Chess.com"]
[Date "2020.10.13"]
[Round "7"]
[White "temus_galaktionov"]
[Black "BigAl"]
[Result "1-0"]
[WhiteElo "2643"]
[BlackElo "2509"]
[TimeControl "180+1"]
[EndTime "11:15:12 PDT"]
[Termination "temus_galaktionov won by resignation"]

1. d4 Nf6 2. Nf3 g6 3. c4 Bg7 4. Nc3 O-O 5. e4 d6 6. Be2 Bg4 7. Ng1 Bc8 8. Nf3 Bg4 9. Ng1 Bxe2 10. Ngxe2 Nfd7 11. O-O c5 12. Be3 Nc6 13. d5 Na5 14. b3 a6 15. a4 Re8 16. h3 Rb8 17. Qc2 e5 18. dxe6 fxe6 19. Rad1 Ne5 20. Rd2 Qc7 21. Rfd1 Rbd8 22. f3 Nac6 23. Qc1 Nf7 24. Rd3 Bxc3 25. Nxc3 e5 26. Nd5 Qc8 27. Nf6+ Kg7 28.
Nxe8+ Rxe8 29. Rxd6 Nxd6 30. Rxd6 Nd4 31. Bxd4 cxd4 32.
Qg5 Qc7 33. Qf6+ Kg8 34. Rd5 Qe7 35. Qxe7 Rxe7 36. a5 g5 37. h4 h6 38. hxg5 hxg5 39. Kf2 Kf7 40. Rd6 Rc7 41. Ke2 Rc5 42. Rd5 Rxd5 43.
exd5 Ke7 44. c5 Kd7 45. Kd3 Kc7 46. Ke4 Kd7 47. g3 Kc7 48. f4 exf4 49. gxf4 g4 50. Kxd4 1-0

[Event "*** SCC Grand Prix: Titled Tuesday Blitz"]
[Site "Chess.com"]
[Date "2020.10.13"]
[Round "7"]
[White "kreonx"]
[Black "louis198"]
[Result "0-1"]
[WhiteElo "2369"]
[BlackElo "2580"]
[TimeControl "180+1"]
[EndTime "11:15:13 PDT"]
[Termination "louis198 won by resignation"]

1. e4 e6 2. c4 d5 3. cxd5 exd5 4. exd5 Qxd5 5. Nc3 Qe6+ 6. Be2 Nf6 7. Nf3 Be7 8.
O-O O-O 9. d4 c6 10. Re1 Qd6 11. Ne5 Be6 12. Bf4 Qd8 13. a3 Nd5 14. Nxd5 Bxd5 15.
Bd3 Bf6 16. Qe2 Nd7 17. Rad1 Re8 18. Bc4 Nb6 19. Bd3 g6 20. Qf1 Bg7 21. Ng4 Rxe1 22. Qxe1 Bb3 23. Rd2 Qxd4 24. Nh6+ Kh8 25. g3 Qf6 26.
Bc2 Bd5 27. Ng4 Qe6 28. Be5 Qxg4 29. Bxg7+ Kxg7 30. f3 Qxf3 31. Qe5+ Kg8 32. Re2 Qh1+ 33. Kf2 Nc4 34. Bb3 0-1

[Event "*** SCC Grand Prix: Titled Tuesday Blitz"]
[Site "Chess.com"]
[Date "2020.10.13"]
[Round "7"]
[White "C_K_G"]
[Black "CrazyMartian"]
[Result "1-0"]
[WhiteElo "2055"]
[BlackElo "2282"]
[TimeControl "180+1"]
[EndTime "11:15:14 PDT"]
[Termination "C_K_G won by resignation"]

1. e4 c5 2. Nf3 d6 3. d4 cxd4 4.
Nxd4 Nf6 5. Nc3 a6 6. Be2 e5 7. Nb3 Be7 8. Be3 Be6 9. Kf1 Nbd7 10. a4 Rc8 11. Bf3 O-O 12. a5 Qc7 13. h3 Nc5 14. Kg1 Nxb3 15. cxb3 Rfd8 16. Bb6 Qb8 17. Bxd8 Bxd8 18.
Kh2 Be7 19. Be2 Rd8 20. Bc4 Qc7 21. Qd3 Rc8 22. Rhc1 Qd7 23. Nd5 Bxd5 24. Bxd5 Rxc1 25. Rxc1 Nxd5 26. Qxd5 g6 27. b4 Kg7 28. Rc3 f5 29.
exf5 Qxf5 30. Rf3 Qg5 31. Qf7+ Kh6 32. h4 1-0

[Event "*** SCC Grand Prix: Titled Tuesday Blitz"]
[Site "Chess.com"]
[Date "2020.10.13"]
[Round "7"]
[White "SophieNikoladze"]
[Black "guillembaches"]
[Result "0-1"]
[WhiteElo "2247"]
[BlackElo "2401"]
[TimeControl "180+1"]
[EndTime "11:15:15 PDT"]
[Termination "guillembaches won by resignation"]

1. d4 d5 2. Nf3 c5 3. e3 Nf6 4.
b3 e6 5. Bb2 Be7 6. Nbd2 O-O 7.
Bd3 b6 8. Ne5 Bb7 9. O-O Nc6 10.
a3 Nd7 11. f4 f6 12. Qh5 f5 13. g4 Ndxe5 14. dxe5 g6 15. Qh6 Qd7 16. g5 a6 17.
Rf2 b5 18. c4 dxc4 19. Bc2 cxb3 20. Nxb3 c4 21. Nd4 Nxd4 22. Bxd4 Qd5 23. Kf1 c3 24. Rb1 Rac8 25. Ke2 Qc4+ 26. Kd1 Be4 27. Bxe4 fxe4 28. Rc1 Bxa3 29. Rxc3 Qa4+ 30. Rfc2 Rxc3 31.
Bxc3 Rd8+ 32. Bd2 Rc8 33. Qh3 Qxc2+ 34. Ke1 Rc6 35. Qg2 Bc1 0-1

[Event "*** SCC Grand Prix: Titled Tuesday Blitz"]
[Site "Chess.com"]
[Date "2020.10.13"]
[Round "7"]
[White "HanSchut"]
[Black "Klavdia_Nik"]
[Result "1-0"]
[WhiteElo "2210"]
[BlackElo "2108"]
[TimeControl "180+1"]
[EndTime "11:15:16 PDT"]
[Termination "HanSchut won on time"]

1. e4 g6 2. d4 d6 3. Nc3 Bg7 4. f4 c6 5. Nf3 Nf6 6. Bd3 O-O 7. O-O b5 8. e5 Ne8 9. Qe2 d5 10. a4 b4 11. Nd1 a5 12. c4 bxc3 13. bxc3 Bg4 14. Nf2 Bxf3 15. Qxf3 e6 16. g4 f5 17.
Kh1 Nd7 18. Nh3 1-0

[Event "*** SCC Grand Prix: Titled Tuesday Blitz"]
[Site "Chess.com"]
[Date "2020.10.13"]
[Round "7"]
[White "natelleka"]
[Black "Evachess2006"]
[Result "1-0"]
[WhiteElo "2174"]
[BlackElo "1618"]
[TimeControl "180+1"]
[EndTime "11:15:19 PDT"]
[Termination "natelleka won by checkmate"]

1. e4 e5 2. Nf3 Nc6 3. Bb5 a6 4. Ba4 Nf6 5. O-O b5 6. Bb3 Be7 7. d4 exd4 8. e5 Ng4 9. Re1 O-O 10. h3 Nh6 11. Bxh6 gxh6 12. c3 dxc3 13. Nxc3 Kh8 14. Qd2 Rg8 15. Bxf7 Rg7 16. Bb3 Bg5 17. Nxg5 Rxg5 18.
f4 Rg7 19. Rad1 Qh4 20. Nd5 Qg3 21. Re3 Qg6 22. Bc2 Qh5 23. Rf1 Bb7 24. Be4 Rag8 25. Nxc7 Nxe5 26. Bxb7 Nc4 27. Qe2 Rxg2+ 28. Bxg2 Rxg2+ 29. Kxg2 Qg6+ 30. Kh2 Nxe3 31. Qxe3 Qc6 32. Qe5+ Kg8 33.
Rg1+ Kf7 34. Qe8+ Kf6 35. Qf8# 1-0

[Event "*** SCC Grand Prix: Titled Tuesday Blitz"]
[Site "Chess.com"]
[Date "2020.10.13"]
[Round "7"]
[White "Legendinunknown"]
[Black "annazero"]
[Result "1-0"]
[WhiteElo "2613"]
[BlackElo "2372"]
[TimeControl "180+1"]
[EndTime "11:15:23 PDT"]
[Termination "Legendinunknown won by resignation"]

1. d4 d5 2. c4 c6 3. Nf3 Nf6 4. Nc3 dxc4 5. a4 Bf5 6. Ne5 e6 7.
f3 Bb4 8. Nxc4 O-O 9. Kf2 c5 10. Na2 Ba5 11. e4 Bg6 12. Be3 cxd4 13. Qxd4 Nc6 14.
Qxd8 Rfxd8 15. Be2 Nd7 16. Rhd1 Bb6 17. Nxb6 axb6 18.
b3 Nc5 19. Bxc5 bxc5 20. Nc3 f5 21. Bc4 Nd4 22. e5 f4 23. Ne2 Nxe2 24. Kxe2 Kf7 25. Rxd8 Rxd8 26. a5 Ra8 27. Kd2 Ke7 28. Kc3 Bf5 29.
b4 cxb4+ 30. Kxb4 g5 31. Kb5 h5 32. Kb6 g4 33. Kxb7 Rd8 34. a6 Rd7+ 35. Kb6 gxf3 36.
gxf3 Bd3 37. Bxd3 Rxd3 38. a7 Rb3+ 39. Kc5 Rc3+ 40. Kb4 1-0

[Event "*** SCC Grand Prix: Titled Tuesday Blitz"]
[Site "Chess.com"]
[Date "2020.10.13"]
[Round "7"]
[White "jamalm2"]
[Black "icychess54"]
[Result "1-0"]
[WhiteElo "1801"]
[BlackElo "2262"]
[TimeControl "180+1"]
[EndTime "11:15:26 PDT"]
[Termination "jamalm2 won by checkmate"]

1. c4 c6 2. d4 d5 3. Nc3 Nf6 4. Nf3 e6 5. Bg5 Nbd7 6. e3 Qa5 7. Qd2 Bb4 8. a3 Ne4 9. axb4 Qxa1+ 10. Qd1 Qxb2 11. Nxe4 dxe4 12. Nd2 Qxb4 13. Be2 O-O 14. O-O a5 15. Nxe4 a4 16. Bd3 Re8 17. Qh5 Nf8 18. Bf6 Ng6 19. Ng5 h6 20. Bxg6 Qf8 21. Bxf7+ Kh8 22. Qxh6# 1-0

[Event "*** SCC Grand Prix: Titled Tuesday Blitz"]
[Site "Chess.com"]
[Date "2020.10.13"]
[Round "7"]
[White "EddieMarsalla"]
[Black "karwowskikacper"]
[Result "1-0"]
[WhiteElo "2560"]
[BlackElo "2338"]
[TimeControl "180+1"]
[EndTime "11:15:27 PDT"]
[Termination "EddieMarsalla won by resignation"]

1. d4 Nf6 2. Bg5 d5 3. Nd2 Nbd7 4. e3 g6 5. f4 Bg7 6. Bd3 h5 7. Qe2 h4 8. Ngf3 h3 9. gxh3 Nf8 10. O-O-O Bxh3 11. Ne5 Ne6 12. Rhg1 c6 13. c3 Qa5 14.
Kb1 Bf5 15. Bxf5 gxf5 16. Bxf6 Bxf6 17. Ndf3 Nf8 18. Rg2 Bxe5 19. Nxe5 f6 20. Nd3 O-O-O 21. Rg7 Qc7 22. Nc5 b6 23. Nd3 Ne6 24. Rg2 Rdg8 25.
Rdg1 Rxg2 26. Rxg2 Kb7 27. Nb4 a5 28. Qa6+ Kb8 29. Nc2 Qb7 30. Qd3 Rh5 31. b3 Ka7 32. b4 a4 33. b5 c5 34. Na3 c4 35. Qd1 Qc8 36. Qxh5 Kb8 37. Qd1 1-0

[Event "*** SCC Grand Prix: Titled Tuesday Blitz"]
[Site "Chess.com"]
[Date "2020.10.13"]
[Round "7"]
[White "Obito24"]
[Black "Samantha_Ross"]
[Result "1-0"]
[WhiteElo "2513"]
[BlackElo "2270"]
[TimeControl "180+1"]
[EndTime "11:15:27 PDT"]
[Termination "Obito24 won by resignation"]

1. d4 d5 2. c4 c6 3. Nf3 Nf6 4.
g3 e6 5. Bg2 Nbd7 6. O-O Be7 7.
Nc3 O-O 8. Bf4 Re8 9. a4 Bf8 10.
a5 Ne4 11. Qb3 a6 12. Rfd1 Nd6 13. cxd5 exd5 14. h4 Ne4 15. e3 Ndf6 16. Ne5 Ng4 17. Nxe4 dxe4 18. Qxf7+ Kh8 19. Qb3 Be6 20. Qxb7 Rb8 21.
Qxa6 Nxe5 22. Bxe5 Bd5 23. Bxb8 Qxb8 24. Qb6 Qc8 25. a6 Bd6 26. a7 Rf8 27. a8=Q Qxa8 28. Rxa8 Rxa8 29. Rc1 h6 30. Rxc6 Bxc6 31. Qxc6 Bf8 32.
Bxe4 1-0

[Event "*** SCC Grand Prix: Titled Tuesday Blitz"]
[Site "Chess.com"]
[Date "2020.10.13"]
[Round "7"]
[White "rugbyclub"]
[Black "ailime26"]
[Result "0-1"]
[WhiteElo "2199"]
[BlackElo "1887"]
[TimeControl "180+1"]
[EndTime "11:15:28 PDT"]
[Termination "ailime26 won by resignation"]

1. d4 d5 2. c4 c6 3. cxd5 cxd5 4. Nc3 Nc6 5. Bf4 g6 6. e3 Bg7 7. Nf3 Nf6 8. Rc1 O-O 9. Be2 a6 10. h3 b5 11. Nxb5 axb5 12. Rxc6 Rxa2 13. O-O Rxb2 14. Ne5 b4 15. Nd3 Rxe2 16. Qxe2 Bb7 17. Rcc1 Ba6 18. Qc2 Ne4 19. Rfe1 Qb6 20. Qb2 Bxd3 21. Rc7 e5 22. dxe5 Qxc7 23. Qxb4 Bxe5 24. Bh6 Bg7 25. Bf4 Qc2 26. Bg3 Nxg3 27. fxg3 Be4 0-1

[Event "*** SCC Grand Prix: Titled Tuesday Blitz"]
[Site "Chess.com"]
[Date "2020.10.13"]
[Round "7"]
[White "Larina_Marija"]
[Black "Sergey85Rodchenkov"]
[Result "1-0"]
[WhiteElo "2274"]
[BlackElo "2427"]
[TimeControl "180+1"]
[EndTime "11:15:29 PDT"]
[Termination "Larina_Marija won by checkmate"]

1. e4 c5 2. Nc3 e6 3. g3 d5 4.
exd5 exd5 5. Bg2 Nf6 6. Nge2 d4 7. Ne4 Nc6 8. d3 Be7 9. O-O O-O 10. Nf4 Re8 11.
Re1 Bf5 12. Bd2 Qd7 13. Nxf6+ Bxf6 14. Qh5 g6 15. Qf3 Rac8 16. Qd5 Kg7 17. Rxe8 Rxe8 18.
Qxc5 Be5 19. Qd5 Qc7 20. Re1 Rd8 21. Qf3 a5 22. Nh5+ Kh8 23. Bg5 Rd6 24. Rxe5 Nxe5 25. Qf4 Re6 26. Bf6+ Rxf6 27. Qh6 gxh5 28. Qf8# 1-0

[Event "*** SCC Grand Prix: Titled Tuesday Blitz"]
[Site "Chess.com"]
[Date "2020.10.13"]
[Round "7"]
[White "alexgo05"]
[Black "orestn"]
[Result "1-0"]
[WhiteElo "2445"]
[BlackElo "2301"]
[TimeControl "180+1"]
[EndTime "11:15:30 PDT"]
[Termination "alexgo05 won by resignation"]

1. e4 e5 2. Nf3 Nc6 3. Bb5 a6 4. Ba4 Nf6 5. O-O Be7 6. Re1 b5 7. Bb3 d6 8. c3 O-O 9. d4 Bg4 10. d5 Na5 11. Bc2 c6 12. dxc6 Qc7 13. h3 Bc8 14.
Nbd2 Qxc6 15. Nf1 h6 16. Nh4 Re8 17. Ng3 Be6 18. Ngf5 d5 19. exd5 Bxd5 20. Nxe7+ Rxe7 21. Qd3 e4 22. Qg3 Nh5 23. Nf5 Re6 24. Qg4 g6 25.
Nd4 Qb6 26. Nxe6 Qxe6 27. Qxe6 Bxe6 28. Bxh6 Rd8 29. Rad1 Nc4 30. Rxd8+ 1-0